 Dungeon Crawl Stone Soup version 0.23-a0-143-g1adec7b (webtiles) character file.

98 corax the Sneak (level 4, -5/31 HPs)
             Began as an Octopode Monk on Sept 4, 2018.
             Killed by divine providence
             ... invoked by an orc priest
              (13 damage)
             ... on level 5 of the Dungeon.
             The game lasted 00:05:29 (2181 turns).

corax the Sneak (Octopode Monk)                     Turns: 2181, Time: 00:05:30

Health: -5/31      AC:  1    Str: 11    XL:     4   Next: 69%
Magic:  13/13      EV: 14    Int: 12    God:
Gold:   134        SH:  0    Dex: 14    Spells: 3/3 levels left

rFire    x . .     SeeInvis .     - Unarmed
rCold    + . .     Gourm    +   (no shield)
rNeg     . . .     Faith    .   (helmet restricted)
rPois    .         Spirit   .   e - amulet of the gourmand
rElec    .         Reflect  .   c - ring of ice
rCorr    .         Harm     .   o - ring of magical power
MR       .....                  (no ring)
Stlth    ++++......             (no ring)
HPRegen  0.10/turn              (no ring)
MPRegen  0.13/turn              (no ring)
                                (no ring)
                                (no ring)

@: no status effects
A: almost no armour, stealthy swim, amphibious, 8 rings, constrict 8, camouflage
1, gelatinous body 1
a: no special abilities


You were on level 5 of the Dungeon.
You were very full.

You visited 1 branch of the dungeon, and saw 5 of its levels.

You collected 134 gold pieces.

Inventory:

Jewellery
 c - a ring of ice (left tentacle)
 e - an amulet of the gourmand (around mantle)
 o - a ring of magical power (right tentacle)
Wands
 m - a wand of paralysis (7)
 r - a wand of disintegration (16)
Scrolls
 b - a scroll of fear {unknown}
 f - 2 scrolls of teleportation {unknown}
 g - a scroll of immolation {unknown}
 h - a scroll of fog {unknown}
 k - a scroll of magic mapping {unknown}
 n - a scroll of remove curse {unknown}
 p - a scroll of blinking {unknown}
 q - 2 scrolls of identify {unknown}
Potions
 d - 4 potions of curing {unknown}
 i - a potion of invisibility {unknown}
 j - 2 potions of heal wounds {unknown}
 l - a potion of might {unknown}
 s - a potion of magic {unknown}
 t - a potion of mutation {unknown}
 u - a potion of flight {unknown}
Comestibles
 a - 7 rations


   Skills:
 + Level 3.4 Fighting
 + Level 3.5 Dodging
 + Level 4.1 Stealth
 + Level 4.0 Unarmed Combat


You had 3 spell levels left.
You didn't know any spells.
Your spell library was empty.

Dungeon Overview and Level Annotations

Branches:
Dungeon (5/15)
 Temple: D:4-7

Altars:


Innate Abilities, Weirdness & Mutations

You cannot wear most types of armour.
You are very stealthy in the water. (Stealth+)
You are amphibious.
You can wear up to eight rings at the same time.
You can use your tentacles to constrict eight enemies at once.
Your skin changes colour to match your surroundings (Stealth+).
Your rubbery body absorbs attacks. (AC +1, EV +1)


Message History

The orc shouts!
Found five items.
There is a stone staircase leading up here.
An orc comes into view. It is wielding a vampiric whip.
The ogre completely misses you.
The orc priest casts a cantrip, but nothing happens.
Found 4 gold pieces.
You barely miss the ogre.
The ogre is lightly wounded.
The ogre closely misses you.
You tentacle-slap the ogre.
The ogre is moderately wounded.
You tentacle-slap the ogre but do no damage.
The ogre is moderately wounded.
The ogre closely misses you.
You tentacle-slap the ogre. You squeeze the ogre!
The ogre is almost dead.
The orc priest invokes the aid of Beogh against you.
Beogh smites you!
You die...

#$# ###.#
.%.(. ...#
#..# ..# #.#
#@# ##!.###O#
.......o#
.o...!.......#
##..o$.....###
##.######## #.
#


You could see an ogre, an orc priest and an orc.

Vanquished Creatures
  A hound (D:4)
  2 adders
  A worm (D:2)
  4 dart slugs
  A leopard gecko (D:2)
  An orc (D:3)
  3 bats (D:2)
  7 goblins
  3 hobgoblins
  A quokka (D:2)
  A ball python (D:1)
  5 frilled lizards
  4 kobolds
  8 rats
42 creatures vanquished.

Notes
Turn   | Place    | Note
-------+----------+-------------------------------------------
     0 | D:1      | corax the Octopode Monk began the quest for the Orb.
     0 | D:1      | Reached XP level 1. HP: 16/16 MP: 1/1
    93 | D:1      | Reached XP level 2. HP: 21/21 MP: 2/2
   463 | D:2      | Reached XP level 3. HP: 15/26 MP: 3/3
  1747 | D:3      | Reached XP level 4. HP: 26/31 MP: 4/4
  2160 | D:4      | Noticed an ogre
  2175 | D:5      | Entered Level 5 of the Dungeon
  2181 | D:5      | Killed from afar by an orc priest

Vault maps used:
D:1:      lemuel_arrival_behind_the_door_small
D:2:      first_ration
D:3:      roderic_lattice_a
D:5:      nicolae_overflow_quartered_altars, uniq_eustachio

Skill      XL: |  1  2  3  4 |
---------------+-------------+-----
Stealth        | 3 4 |  4.1
Unarmed Combat | 4 |  4.0
Fighting       | |  3.4
Dodging        | |  3.5

Action                   |  1- 3 |  4- 6 || total
-------------------------+-------+-------++-------
Melee: Unarmed           |    80 |    15 ||    95
       Constrict         |    24 |     2 ||    26
       Tentacles         |    14 |     3 ||    17
       Punch             |     4 |     1 ||     5
 Stab: Sleeping          |    13 |     2 ||    15
  Eat: Chunk             |    12 |       ||    12
Armor: Skin              |     1 |       ||     1
Dodge: Dodged            |    39 |    13 ||    52

Table legend:
 A = Non-vault XP
 B = Vault XP
 C = Vault XP percentage of total XP
 D = Non-vault monster count
 E = Vault monster count
 F = Vault count percentage of total count
                 A         B        C        D         E       F
            +---------+---------+-------+---------+---------+-------
      Total |     140 |       0 |   0.0 |      42 |       0 |   0.0
            +---------+---------+-------+---------+---------+-------
        D:1 |      16 |       0 |   0.0 |      12 |       0 |   0.0
        D:2 |      61 |       0 |   0.0 |      25 |       0 |   0.0
        D:3 |       8 |       0 |   0.0 |       3 |       0 |   0.0
        D:4 |      55 |       0 |   0.0 |       2 |       0 |   0.0
            +---------+---------+-------+---------+---------+-------
